 Dungeon Crawl Stone Soup version 0.28.0-1-gb440e238dd (webtiles) character file.

Game seed: 12724859611960522840

932255 Ijustatesigmund the Demon Slayer (level 27, -1/212 HPs)
             Began as a Gargoyle Fighter on Feb 14, 2022.
             Was a High Priest of the Shining One.
             Killed by divine providence
             ... invoked by a white draconian stormcaller
              (12 damage)
             ... on level 4 of the Realm of Zot on Feb 23, 2022.
             The game lasted 05:52:51 (85262 turns).

Ijustatesigmund the Demon Slayer (GrFi)            Turns: 85262, Time: 05:52:53

Health: -1/212     AC: 61    Str: 26 (27) XL:     27
Magic:  22/40      EV: 12    Int:  1 (19) God:    the Shining One [*****.]
Gold:   9262       SH: 36    Dex: 11      Spells: 30/52 levels left

rFire   + + .      SeeInvis .   b - +9 eveningstar (holy)
rCold   + + .      Faith    .   a - +5 kite shield {reflect}
rNeg    + + +      Spirit   .   C - +9 plate armour "Upporone" {rElec rC+}
rPois   ∞          Reflect  +   Z - +2 helmet {Int+3}
rElec   +          Harm     .   o - -1 cloak "Itozxax" {Regen+ Int+4}
rCorr   .          Rampage  ∞   y - +2 pair of gloves of Baeh {rElec rF- rN+ Slay+3}
Will    ++...      Rage     1%  d - +3 pair of seven-league boots {Rampage+∞}
Stlth   ..........              M - amulet of Nayty {rF+ rC+ rN+ Regen+ Dex+2}
HPRegen 2.05/turn               s - ring "Pahilir" {rF++ rN+ Str-2}
MPRegen 0.27/turn               t - ring of wizardry

@: divinely shielded, flying, glowing, studying 2 skills, unable to read
A: sickness immunity, AC +20, big wings, negative energy resistance 1,
electricity resistance, torment resistance 1, petrification resistance, berserk
1, dopey 1, robust 1, subdued magic 3, inability to read while threatened
}: 10/15 runes: serpentine, barnacled, slimy, silver, obsidian, demonic,
glowing, magical, fiery, dark
a: Renounce Religion, Divine Shield, Cleansing Flame, Summon Divine Warrior


You were on level 4 of the Realm of Zot.
You worshipped the Shining One.
The Shining One was extremely pleased with you.
You visited 15 branches of the dungeon, and saw 65 of its levels.
You visited Pandemonium 1 time, and saw 14 of its levels.
You visited the Abyss 3 times.
You visited 1 ziggurat, and saw 16 of its levels.
You also visited: Sewer, Ice Cave and Wizlab.

You collected 11942 gold pieces.
You spent 2680 gold pieces at shops.

Inventory:

Hand Weapons
 b - a +9 eveningstar of holy wrath (weapon)
Missiles
 e - a silver javelin (quivered)
Armour
 a - a +5 kite shield of reflection (worn)
 d - the +3 pair of seven-league boots (worn) {Rampage+∞}
   (You found it on level 3 of the Elven Halls)

   Its wearer moves as far as possible in that direction when moving towards
   enemies.
 o - the -1 cloak "Itozxax" (worn) {Regen+ Int+4}
   (You found it in a wizard's laboratory)

   Int:       It affects your intelligence (+4).
   Regen:     It increases your rate of health regeneration.
 y - the +2 pair of gloves of Baeh (worn) {rElec rF- rN+ Slay+3}
   (You found it on level 10 of a ziggurat)

   Slay:      It affects your accuracy & damage with ranged weapons and melee
   (+3).
   rF:        It makes you vulnerable to fire.
   rElec:     It insulates you from electricity.
   rN:        It protects you from negative energy.
 C - the +9 plate armour "Upporone" (worn) {rElec rC+}
   (You bought it in a shop on level 1 of the Elven Halls)

   rC:        It protects you from cold.
   rElec:     It insulates you from electricity.
 R - the +0 pair of fencer's gloves {Riposte Dex+3}
   (You found it on level 11 of a ziggurat)

   It allows the wearer to riposte with melee weapons, swiftly retaliating
   against missed attacks.
   Dex:       It affects your dexterity (+3).
 Y - the +5 scale mail "Ihiare Usie" {Dex+6 Slay+6 Stlth+}
   (You bought it in a shop on level 1 of the Orcish Mines)

   Dex:       It affects your dexterity (+6).
   Slay:      It affects your accuracy & damage with ranged weapons and melee
   (+6).
   Stlth:     It makes you more stealthy.
 Z - a +2 helmet of intelligence (worn)
Jewellery
 c - the amulet "Muttal" {Reflect MP+9 SH+5}
   (You found it on level 15 of the Dungeon)

   [amulet of reflection]

   It reflects blocked missile attacks.
   MP:        It affects your magic capacity (+9).
   SH:        It affects your SH (+5).
 i - a ring of protection from cold
 n - a +4 ring of evasion
 s - the ring "Pahilir" (left hand) {rF++ rN+ Str-2}
   (You found it on level 3 of the Crypt)

   [ring of positive energy]

   Str:       It affects your strength (-2).
   rF:        It greatly protects you from fire.
   rN:        It protects you from negative energy.
 t - a ring of wizardry (right hand)
 E - the amulet of Hathrik {Faith rElec rF+++ rC+}
   (You took it off a deep elf blademaster on level 3 of the Elven Halls)

   [amulet of faith]

   It allows you to gain divine favour quickly.
   rF:        It renders you almost immune to fire.
   rC:        It protects you from cold.
   rElec:     It insulates you from electricity.
 M - the amulet of Nayty (around neck) {rF+ rC+ rN+ Regen+ Dex+2}
   (You took it off a wight on level 10 of the Dungeon)

   [amulet of regeneration]

   Dex:       It affects your dexterity (+2).
   rF:        It protects you from fire.
   rC:        It protects you from cold.
   rN:        It protects you from negative energy.
   Regen:     It increases your rate of health regeneration.
 U - the ring "Giokuggo" {Will+ SInv}
   (You found it on level 13 of a ziggurat)

   [ring of willpower]

   SInv:      It lets you see invisible.
   Will:      It increases your willpower.
 W - a ring of resist corrosion
Wands
 q - a wand of flame (167)
 x - a wand of digging (15)
 G - a wand of acid (16)
 I - a wand of mindburst (10)
 J - a wand of charming (38)
 N - a wand of iceblast (36)
Scrolls
 f - a scroll of holy word
 h - 2 scrolls of silence
 l - 4 scrolls of magic mapping
 m - 4 scrolls of summoning
 u - 58 scrolls of identify
 w - 10 scrolls of enchant weapon
 D - 7 scrolls of teleportation
 F - 15 scrolls of fog
 H - 4 scrolls of torment
 O - 16 scrolls of immolation
 Q - 11 scrolls of amnesia
 S - a scroll of brand weapon
 T - 4 scrolls of fear
 V - 2 scrolls of blinking
Potions
 g - 4 potions of mutation
 j - 12 potions of lignification
 k - 10 potions of curing
 p - 3 potions of haste
 r - 3 potions of resistance
 v - 2 potions of magic
 z - 3 potions of ambrosia
 A - 9 potions of brilliance
 B - 3 potions of heal wounds
 K - 2 potions of might
 P - 7 potions of attraction
Miscellaneous
 L - a phantom mirror
 X - a phantom mirror


   Skills:
 + Level 25.3 Fighting
 + Level 19.3 Maces & Flails
 - Level 7.6(10.7) Slings
 - Level 11.9(12.8) Throwing
 + Level 18.4 Armour
 + Level 13.3 Dodging
 - Level 8.1 Stealth
 + Level 18.2 Shields
 - Level 13.2 Spellcasting
 - Level 24.9 Summonings
 - Level 11.1 Translocations
 - Level 11.6 Transmutations
 - Level 8.9 Earth Magic
 O Level 27 Invocations
 - Level 4.5 Evocations


You had 30 spell levels left.
You knew the following spells:

 Your Spells              Type           Power      Damage    Failure   Level
a - Passwall              Tmut/Erth      0%         N/A       1%          2
b - Blink                 Tloc           2%         N/A       1%          2
c - Lesser Beckoning      Tloc           1%         N/A       1%          3
d - Apportation           Tloc           2%         N/A       1%          1
e - Manifold Assault      Tloc           1%         N/A       12%         5
f - Summon Hydra          Summ           1%         N/A       1%          7
g - Wereblood             Tmut           1%         N/A       1%          2

Your spell library contained the following spells:

 Spells                   Type           Power      Damage    Failure   Level
 Summon Small Mammal      Summ           8%         N/A       0%          1
 Call Imp                 Summ           2%         N/A       0%          2
 Call Canine Familiar     Summ           2%         N/A       0%          3
 Beastly Appendage        Tmut           2%         N/A       1%          1
 Sandblast                Erth           2%         2d4       1%          1
 Gell's Gravitas          Tloc           1%         N/A       1%          3
 Summon Guardian Golem    Hex/Summ       1%         N/A       1%          3
 Teleport Other           Tloc           1%         N/A       1%          3
 Animate Armour           Summ/Erth      4%         N/A       1%          4
 Summon Ice Beast         Ice/Summ       1%         N/A       1%          4
 Summon Lightning Spire   Summ/Air       1%         N/A       1%          4
 Sting                    Tmut/Pois      0%         1d3       3%          1
 Petrify                  Tmut/Erth      1%         N/A       5%          4
 Blade Hands              Tmut           0%         N/A       9%          5
 Summon Horrible Things   Summ           1%         N/A       9%          8
 Portal Projectile        Hex/Tloc       0%         N/A       12%         3
 Stone Arrow              Conj/Erth      0%         3d7       21%         3
 Malign Gateway           Summ/Tloc      1%         N/A       21%         7
 Ignite Poison            Fire/Tmut/Pois 0%         N/A       26%         3
 Lee's Rapid Deconstruct  Erth           0%         3d5*      30%         5
 Ice Form                 Ice/Tmut       0%         N/A       36%         4
 Animate Skeleton         Necr           0%         N/A       38%         1
 Foxfire                  Conj/Fire      0%         2x1d4     38%         1
 Freeze                   Ice            0%         1d3       38%         1
 Magic Dart               Conj           0%         1d3       38%         1
 Pain                     Necr           0%         1d4       38%         1
 Shock                    Conj/Air       0%         1d3       38%         1
 Slow                     Hex            0%         N/A       38%         1
 Iskenderun's Mystic Bla  Conj/Tloc      0%         2d3       38%         4
 Corpse Rot               Necr/Air       0%         N/A       54%         2
 Ensorcelled Hibernation  Hex/Ice        0%         N/A       54%         2
 Poisonous Vapours        Pois/Air       0%         N/A       54%         2
 Searing Ray              Conj           0%         2d4       54%         2
 Static Discharge         Conj/Air       0%         N/A       54%         2
 Leda's Liquefaction      Hex/Erth       0%         N/A       56%         4
 Dispersal                Tloc           0%         N/A       56%         6
 Alistair's Intoxication  Tmut/Pois      0%         N/A       71%         5
 Irradiate                Conj/Tmut      0%         3d14      71%         5
 Confusing Touch          Hex            0%         N/A       78%         3
 Conjure Flame            Conj/Fire      0%         6-21      78%         3
 Dazzling Flash           Conj/Hex       0%         N/A       78%         3
 Frozen Ramparts          Ice            0%         1d2       78%         3
 Inner Flame              Hex/Fire       0%         N/A       78%         3
 Mephitic Cloud           Conj/Pois/Air  0%         N/A       78%         3
 Ozocubu's Armour         Ice            0%         N/A       78%         3
 Swiftness                Air            0%         N/A       78%         3
 Vampiric Draining        Necr           0%         2d6       78%         3
 Borgnjor's Vile Clutch   Necr/Erth      0%         N/A       88%         5
 Haunt                    Necr/Summ      0%         N/A       91%         7
 Spellforged Servitor     Conj/Summ      0%         N/A       91%         7
 Dragon Form              Tmut           0%         N/A       96%         7
 Airstrike                Air            0%         N/A       99%         4
 Anguish                  Hex/Necr       0%         N/A       99%         4
 Cause Fear               Hex            0%         N/A       99%         4
 Dispel Undead            Necr           0%         3d6       99%         4
 Flame Wave               Conj/Fire      0%         2d4       99%         4
 Fulminant Prism          Conj/Hex       0%         3d6       99%         4
 Hailstorm                Conj/Ice       0%         3d3       99%         4
 Olgreb's Toxic Radiance  Pois           0%         N/A       99%         4
 Sticky Flame             Conj/Fire      0%         2d3       99%         4
 Fireball                 Conj/Fire      0%         3d3       100%        5
 Iskenderun's Battlesphe  Conj           0%         2d6       100%        5
 Lightning Bolt           Conj/Air       0%         1d11      100%        5
 Metabolic Englaciation   Hex/Ice        0%         N/A       100%        5
 Death Channel            Necr           0%         N/A       100%        6
 Iron Shot                Conj/Erth      0%         9d1       100%        6
 Simulacrum               Ice/Necr       0%         N/A       100%        6
 Starburst                Conj/Fire      0%         6d3       100%        6
 Orb of Destruction       Conj           0%         9d5       100%        7
 Ozocubu's Refrigeration  Ice            0%         4d5       100%        7
 Storm Form               Tmut/Air       0%         N/A       100%        7
 Borgnjor's Revivificati  Necr           0%         N/A       100%        8
 Discord                  Hex            0%         N/A       100%        8
 Disjunction              Tloc           0%         N/A       100%        8
 Ignition                 Fire           0%         3d3       100%        8
 Lehudib's Crystal Spear  Conj/Erth      0%         10d2      100%        8
 Necromutation            Tmut/Necr      0%         N/A       100%        8
 Chain Lightning          Conj/Air       0%         N/A       100%        9
 Death's Door             Necr           0%         N/A       100%        9
 Fire Storm               Conj/Fire      0%         5d1       100%        9
 Shatter                  Erth           0%         3d5*      100%        9
 Sublimation of Blood     Necr           Unusable   N/A       N/A         2
 Statue Form              Tmut/Erth      Unusable   N/A       N/A         6

Dungeon Overview and Level Annotations

Branches:
Dungeon (15/15)            Temple (1/1) D:5            Lair (6/6) D:10
 Shoals (4/4) Lair:4        Snake (4/4) Lair:2        Slime (5/5) Lair:5
    Orc (2/2) D:9             Elf (3/3) Orc:2        Vaults (5/5) D:13
  Crypt (3/3) Vaults:2       Tomb (1/3) Crypt:3      Depths (4/4) D:15
   Hell (visited)             Dis (0/7) Hell            Geh (7/7) Hell
    Coc (0/7) Hell            Tar (0/7) Hell            Zot (4/5) Depths:4
  Sewer (visited)           IceCv (visited)          WizLab (visited)

Altars:
Ashenzari
Cheibriados
Dithmenos
Elyvilon
Fedhas
Gozag
Hepliaklqana
Kikubaaqudgha
Makhleb
Nemelex Xobeh
Okawaru
Qazlal
Ru
Sif Muna
Trog
Uskayaw
Vehumet
Wu Jian
Xom
Yredelemnul
Zin
The Shining One
Lugonu

Shops:
D:15 *   Orc:1 ?[[   Orc:2 *(=[*   Elf:1 [   Elf:3 [   Snake:3 *   Vaults:4 (
Depths:4 [((*

Portals:
Hell: Depths:1 Depths:2 Depths:3 Depths:4
Abyss: Depths:3
Pandemonium: Depths:2 Depths:4

Annotations:
Snake:3 Vashnia
Elf:1 6 runed translucent doors
Zot:4 1 transporter, wilo's ghost, master MfBe


Innate Abilities, Weirdness & Mutations

You are immune to sickness and miasma.
Your stone body is resilient. (AC +20)
You are immune to poison.
Your large and strong wings let you fly.
You resist negative energy. (rN+)
You are resistant to electric shocks. (rElec)
You are resistant to unholy torment.
You are immune to petrification.
You tend to lose your temper in combat.
You are dopey. (Int -2)
You are robust. (+10% HP)
Your spells are much easier to cast, but much less powerful.
You sometimes lose the ability to read scrolls when taking damage.


Message History

Wilo's ghost is heavily damaged.
You feel stable enough to blink again. You block the golden dragon's attack.
The golden dragon claws you but does no damage.
The golden dragon tramples you but does no damage.
The shadow dragon bites you but does no damage.
You block the shadow dragon's attack. x2
You block the purple draconian's attack.
The purple draconian barely misses you. The swamp drake breathes poison at you.
The noxious blast engulfs the white draconian stormcaller but does no damage.
The white draconian stormcaller is poisoned.
The golden dragon bites you but does no damage.
The golden dragon claws you but does no damage.
The golden dragon tramples you but does no damage.
You hit wilo's ghost.
Wilo's ghost convulses.
Wilo's ghost is heavily damaged.
You block the shadow dragon's attack. The shadow dragon misses you.
You block the shadow dragon's attack.
The white draconian rages.
The purple draconian hits you with a +0 scimitar!!
You feel threatened and lose the ability to read scrolls!
* * * LOW HITPOINT WARNING * * *
The white draconian is engulfed in noxious fumes.
The white draconian breathes frost at you.
The blast of cold hits the shadow dragon.
The shadow dragon resists.
The blast of cold hits you. You resist.
* * * LOW HITPOINT WARNING * * *
The purple draconian hits you with a +0 mace.
* * * LOW HITPOINT WARNING * * *
The golden dragon bites you!!
* * * LOW HITPOINT WARNING * * *
You block the golden dragon's attack. x2
Wilo's ghost hits you but does no damage.
You block the shadow dragon's attack.
The shadow dragon claws you but does no damage. x2
The white draconian stormcaller is engulfed in noxious fumes.
The white draconian stormcaller calls down the wrath of Qazlal upon you.
Qazlal smites you!
You die...

..[.##...............#...
.####................#...#
## #...#########.........#
# #..##......©##...######
#####..#8.....○.8#...#
≈##....#|......○k#...#
≈###...#.:....kdq#...# ≈#
#..©#....©kkWD#©..# .#
##..#.[..†dDD@#..## ≈#
#..#......ddd#..# ≈#
#..#8...†.DD8#..# ≈#
#..##...(...##..# ##
#...#########...# #
#...............#
##.............##
###############


You could see 2 shadow dragons, a golden dragon (berserk), a storm dragon
(berserk), a black draconian (berserk), 2 draconians, 2 draconians, a
quicksilver dragon (berserk), a white draconian stormcaller (poisoned), 2 death
drakes, a rime drake (summoned), a swamp drake (summoned) and wilo's ghost.

Vanquished Creatures
  Cerebov (Pan)
  Asmodeus (Geh:7)
  the Royal Jelly (Slime:5)
  Gloorx Vloq (Pan)
  Mnoleg (Pan)
  the Serpent of Hell (Geh:7)
  5 dread liches
  An ancient lich (Zig:7)
  An orb of fire (Zot:1)
  Frederick (Depths:4)
  Xtahua (Depths:3)
  Geryon (Hell)
  3 curse toes
  The ghost of Janeylunn the Victor of a Thousand Battles, a veteran GnWn of Okawaru (Depths:1)
  7 golden dragons
  2 profane servitors
  5 pandemonium lords
  Jory (Crypt:3)
  5 bone dragons
  6 Tzitzimimeh (Pan)
  9 hellephants
  13 Brimstone Fiends
  3 electric golems
  Mlioglotl (Snake:4)
  A walking crystal tome (Depths:1)
  2 Ice Fiends (Pan)
  Jorgrun (Snake:3)
  7 titans
  8 liches
  16 searing wretches
  Rupert (D:15)
  4 Hell Sentinels (Pan)
  19 tentacled monstrosities
  10 quicksilver dragons
  A deep elf master archer (Elf:3)
  4 deep elf blademasters
  30 acid blobs
  A walking frostbound tome (Depths:3)
  The ghost of Kaptain the Geomancer, an adept OpEE (Snake:3)
  8 ancient champions
  27 Executioners
  Gastronok (D:8)
  2 eldritch tentacles
  A kraken (Abyss:3)
  Polyphemus (Shoals:2)
  4 death cobs
  9 storm dragons
  31 tentacled starspawn
  Donald (Snake:1)
  7 tengu reavers
  20 sphinxes
  12 shadow dragons
  7 demonspawn warmongers (Pan)
  10 rockslimes
  17 azure jellies
  3 draconian monks
  18 fire giants
  5 revenants
  4 draconian knights
  Ilsuiw (Shoals:2)
  11 nagarajas
  2 daevas (Abyss:3)
  4 iron dragons
  13 ghost moths
  4 frost giants
  6 orc warlords
  16 vault wardens
  4 draconian scorchers
  5 deep elf sorcerers
  23 cacodemons
  50 balrugs
  2 juggernaut zombies (Crypt:3)
  3 draconian stormcallers
  5 curse skulls
  3 ghouls
  A demonspawn corrupter (Pan)
  Aizul (Snake:4)
  5 angels
  Louise (Shoals:2)
  A caustic shrike zombie (Crypt:3)
  2 draconian shifters
  The ghost of Lapinsky1 the Warrior, a journeyman MiHu of Gozag (Shoals:2)
  3 deep elf elementalists (Elf:3)
  2 war gargoyles (Vaults:5)
  7 draconian annihilators
  A juggernaut skeleton (Crypt:2)
  14 stone giants
  A broodmother (Zig:4)
  17 reapers
  35 very ugly things
  2 caustic shrike skeletons (Crypt:3)
  14 quicksilver oozes
  25 vampire knights
  2 ophanim
  8 deep elf demonologists
  17 ironbound preservers
  2 demonspawn blood saints (Pan)
  2 putrid mouths (Depths:4)
  4 demonspawn black suns (Pan)
  2 grey draconians (Depths:4)
  21 yellow draconians
  11 green draconians
  6 ironbound thunderhulks
  10 lorocyprocas
  9 red draconians
  9 black draconians
  A minotaur (Shoals:4)
  8 purple draconians
  10 deep elf annihilators
  7 dire elephants
  2 entropy weavers (Vaults:2)
  9 white draconians
  4 iron golems
  5 spark wasps (Depths:3)
  8 green deaths
  10 ettins
  13 blizzard demons
  17 deep elf death magi
  10 merfolk javelineers
  A crystal guardian (Depths:4)
  3 eidola
  9 merfolk impalers
  11 fire dragons
  7 deep elf high priests
  18 jiangshi
  6 yaktaur captains
  15 ice dragons
  20 great orbs of eyes
  16 rakshasas
  6 boulder beetles
  10 hydras
  19 naga warriors
  15 salamander tyrants
  39 vault guards
  7 spriggan skeletons
  4 hell beasts
  2 ogre magi
  A hydra (shapeshifter) (Vaults:5)
  5 spriggan air magi
  2 merfolk avatars
  2 catoblepae
  4 anacondas
  7 merfolk aquamancers
  An alligator snapping turtle (Shoals:4)
  6 ironbound frosthearts
  21 stokers
  7 two-headed ogres
  2 death knights
  10 centaur warriors
  5 deep troll shamans
  11 tengu warriors
  34 hell hogs
  14 vampire magi
  10 satyrs
  5 death yaks
  6 naga sharpshooters
  3 orc high priests (Orc:2)
  26 dancing weapons
  6 deep troll earth magi
  Sonja (Lair:3)
  A titan zombie (Abyss:3)
  14 shock serpents
  30 thrashing horrors
  8 spriggan berserkers
  21 hell knights
  21 soul eaters
  78 sun demons
  2 fire crabs (Abyss:3)
  14 deep elf knights
  27 wretched stars
  A titan skeleton (Crypt:2)
  A storm dragon skeleton (Crypt:1)
  10 shadow wraiths
  A crystal echidna (Depths:4)
  5 iron trolls
  33 sixfirhies
  2 salamander mystics
  17 sea snakes
  39 skeletal warriors
  9 death drakes
  4 spatial maelstroms
  A spark wasp zombie (Crypt:1)
  22 glowing orange brains
  A cherub (Pan)
  56 deep trolls
  4 shadow demons
  A steelbarb worm (Zig:4)
  A bog body (Crypt:1)
  An anaconda zombie (Crypt:2)
  126 starcursed masses
  9 naga ritualists
  10 swamp dragons
  A steelbarb worm (shapeshifter) (Vaults:5)
  6 lindwurms
  A bunyip skeleton (Pan)
  20 wizards
  27 phantasmal warriors
  A harpy (shapeshifter) (Abyss:4)
  12 ironbound convokers
  4 obsidian statues
  18 deep elf archers
  4 anaconda skeletons
  5 flayed ghosts
  28 harpies
  2 orange crystal statues
  Pikel (D:7)
  21 deep elf zephyrmancers
  12 necromancers
  A wolf spider (D:15)
  2 spriggan simulacra
  12 mana vipers
  19 orc knights
  19 deep elf pyromancers
  49 ugly things
  6 oklob plants
  14 fauns
  9 shining eyes
  2 fire giant zombies (Depths:1)
  12 orc sorcerers
  A salamander (shapeshifter) (Vaults:5)
  2 shadow dragon skeletons
  20 manticores
  A frost giant zombie (Crypt:3)
  A will-o-the-wisp (Abyss:3)
  7 cyclopes
  11 salamanders
  13 worldbinders
  A draconian zombie (Crypt:3)
  11 merfolk sirens
  4 rust devils
  Joseph (D:10)
  50 black mambas
  19 moths of wrath
  9 eyes of devastation
  15 guardian serpents
  4 ice statues
  A titan simulacrum (Abyss:2)
  10 elephants
  4 water nymphs
  6 apocalypse crabs
  2 gargoyles
  18 vault sentinels
  19 naga magi
  52 smoke demons
  A torpor snail (Lair:2)
  A dire elephant zombie (Hell)
  A water nymph (shapeshifter) (D:12)
  13 hellions
  14 cane toads
  6 molten gargoyles
  Maggie (D:6)
  An alligator snapping turtle zombie (Crypt:3)
  28 yaktaurs
  6 unseen horrors
  An unseen horror (shapeshifter) (Depths:1)
  17 demonic crawlers
  12 komodo dragons
  33 orange demons
  A dire elephant skeleton (Pan)
  4 spriggan zombies
  15 freezing wraiths
  3 ice devils
  A komodo dragon (shapeshifter) (Abyss:4)
  A yaktaur (shapeshifter) (Elf:1)
  8 rime drakes
  7 tengu conjurers
  21 efreet
  8 tormentors
  24 hellwings
  4 red devils
  32 ancient zymes
  2 guardian mummies (Tomb:1)
  3 harpy zombies
  6 trolls
  The ghost of aoei the Chopper, an amateur MiBe of Trog (D:4)
  25 merfolk
  2 sea snake skeletons (Hell)
  An anaconda simulacrum (Hell)
  The ghost of altcumming the Chiller, a novice SpIE of Sif Muna (D:5)
  A meliai (Zig:4)
  11 wind drakes
  A hydra zombie (Hell)
  Prince Ribbit (D:5)
  A tarantella (shapeshifter) (D:15)
  A tarantella (Zig:4)
  Grinder (D:3)
  28 blink frogs
  A harpy skeleton (Crypt:2)
  4 ettin zombies
  4 hornets
  132 slime creatures
  A hydra skeleton (Hell)
  80 raiju
  5 dream sheep
  8 snapping turtles
  2 centaur simulacra
  34 flying skulls
  3 shadows (Abyss:3)
  A spriggan (shapeshifter) (Abyss:4)
  3 spriggans
  6 air elementals
  3 vampires
  18 water elementals
  7 wyverns
  31 yaks
  25 ynoxinuls
  2 black mamba skeletons
  2 humans (shapeshifter)
  2 ettin skeletons
  14 wraiths
  120 large abominations
  4 fire bats (Abyss:3)
  A wyvern (shapeshifter) (Abyss:3)
  22 golden eyes
  11 basilisks
  7 fire elementals
  31 neqoxecs
  A human (D:13)
  3 vampire mosquitoes (D:12)
  7 spatial vortices
  4 redbacks
  35 chaos spawn
  5 steam dragons
  5 wargs
  Edmund (D:5)
  36 nagas
  5 harpy simulacra
  46 small abominations
  5 acid dragons
  8 hell hounds
  5 hydra simulacra
  Pargi (Sewer)
  16 water moccasins
  A human skeleton (Depths:1)
  9 floating eyes
  A dream sheep zombie (Crypt:1)
  A black bear (D:8)
  2 swamp drakes
  3 ice beasts
  A lindwurm zombie (Crypt:2)
  2 naga skeletons
  24 orc warriors
  4 necrophages
  A sky beast (shapeshifter) (Depths:4)
  3 sky beasts
  15 ogres
  11 wolves
  An alligator simulacrum (IceCv)
  5 boggarts
  4 centaurs
  An elephant skeleton (Crypt:2)
  A phantom (D:6)
  3 kobold brigands
  19 bullfrogs
  A gnoll sergeant (D:8)
  A wyvern skeleton (D:6)
  7 earth elementals
  A water moccasin skeleton (Crypt:3)
  13 wights
  7 killer bees
  2 lindwurm simulacra (IceCv)
  A wolf zombie (Crypt:3)
  A yak skeleton (Crypt:3)
  An electric eel (Snake:2)
  4 lava snakes (Lair:6)
  9 centaur zombies
  A crimson imp (Orc:1)
  A bullfrog zombie (D:5)
  6 quasits
  5 hounds
  37 jellies
  A human zombie (Crypt:1)
  Crazy Yiuf (D:2)
  2 gnoll shamans
  8 iron imps
  12 orc priests
  A bullfrog skeleton (D:6)
  5 centaur skeletons
  Jessica (D:2)
  A black bear skeleton (Crypt:3)
  25 orc wizards
  10 iguanas
  A scorpion zombie (Crypt:3)
  21 hell rats
  A dwarf zombie (Crypt:2)
  A felid skeleton (Crypt:2)
  2 mummies (Tomb:1)
  3 howler monkey zombies
  A howler monkey skeleton (Crypt:2)
  10 gnolls
  A steam dragon zombie (Crypt:1)
  7 adders
  2 river rats (D:10)
  3 shadow imps
  2 swamp drake skeletons
  10 white imps
  7 ufetubi
  3 adder skeletons (D:4)
  A worm (D:3)
  3 dart slugs
  75 orcs
  A bat skeleton (Crypt:3)
  4 endoplasms
  6 giant cockroaches
  14 goblins
  11 hobgoblins
  7 jackals
  5 quokkas
  A river rat zombie (Crypt:3)
  16 ball pythons
  14 bats
  5 frilled lizards
  A frilled lizard skeleton (Crypt:2)
  A gnoll skeleton (Crypt:1)
  15 kobolds
  A quokka skeleton (Crypt:1)
  9 rats
  5 ball lightnings (Pan)
  A butterfly (Lair:1)
  2 creeping infernos
  52 fire vortices
  3 lurking horrors
  34 starspawn tentacles
4171 creatures vanquished.

Vanquished Creatures (collateral kills)
  2 bone dragons (Abyss:4)
  3 liches
  A deep elf master archer (Elf:3)
  4 sphinxes (Tomb:1)
  An Executioner (Pan)
  A nagaraja (Snake:3)
  3 deep elf sorcerers (Elf:3)
  A reaper (Abyss:3)
  A deep elf annihilator (Elf:3)
  3 merfolk impalers (Shoals:2)
  3 satyrs (Shoals:4)
  2 death knights (D:15)
  A death yak (Shoals:2)
  A hell hog (Abyss:4)
  5 thrashing horrors
  A vampire mage (Zig:12)
  A soul eater (Pan)
  2 skeletal warriors (D:15)
  2 spatial maelstroms (Abyss:4)
  A glowing orange brain (Abyss:4)
  A wizard (D:15)
  3 harpies
  An anaconda skeleton (Abyss:4)
  A faun (Shoals:4)
  A draconian (Abyss:3)
  A salamander (D:15)
  3 guardian serpents (Snake:3)
  A water nymph (Shoals:4)
  An efreet (Abyss:4)
  A guardian mummy (Tomb:1)
  2 freezing wraiths (D:15)
  A hydra zombie (Abyss:4)
  An ancient zyme (Abyss:4)
  5 merfolk
  A dream sheep (Shoals:2)
  A snapping turtle (Shoals:4)
  2 raiju (Abyss:4)
  A flying skull (Abyss:4)
  A shadow (Abyss:3)
  2 water elementals (Zig:11)
  3 neqoxecs
  2 large abominations (Abyss:4)
  2 golden eyes (Abyss:3)
  3 spatial vortices (Abyss:4)
  A floating eye (Pan)
  A quasit (Abyss:3)
  A starcursed mass (Abyss:4)
  An iron imp (Abyss:3)
  3 small abominations
87 creatures vanquished.

Vanquished Creatures (others)
  An eldritch tentacle (Pan)
  A nagaraja (Zig:15)
  4 fire giants
  A draconian annihilator (Pan)
  A merfolk javelineer (Shoals:4)
  A merfolk impaler (Shoals:3)
  A salamander tyrant (Zig:10)
  A spriggan skeleton (Hell)
  2 stokers (Geh:7)
  A naga ritualist (Zig:10)
  A deep elf pyromancer (Elf:2)
  A harpy (Zig:11)
  4 deep elf zephyrmancers (Elf:1)
  3 black mambas (Zig:15)
  A hellwing (Pan)
  A merfolk (Zig:11)
  A wolf spider simulacrum (D:15)
  A blink frog (shapeshifter) (Vaults:5)
  2 water elementals (Depths:4)
  A starcursed mass (Abyss:3)
  A ynoxinul (Pan)
  A basilisk (shapeshifter) (Vaults:5)
  A human (D:13)
  2 golden eyes
  2 nagas
  A swamp drake (Zig:9)
  An orc warrior (Elf:1)
  A bullfrog (D:8)
  2 centaur zombies (D:8)
  4 small abominations
  2 jellies (Zot:1)
  2 orc wizards
  A hell rat (Hell)
  A killer bee zombie (D:8)
  An ufetubus (Abyss:3)
  An orc (Elf:1)
  22 ball lightnings (Pan)
  3 creeping infernos
  3 fire vortices
  8 foxfires (Abyss:3)
  23 fungi
  4 lurking horrors
  85 plants
  61 starspawn tentacles
  4 tentacles (Abyss:3)
267 creatures vanquished.

Grand Total: 4525 creatures vanquished

Notes
Turn   | Place    | Note
-------+----------+-------------------------------------------
     0 | D:1      | Ijustatesigmund the Gargoyle Fighter began the quest for
                  | the Orb.
     0 | D:1      | Reached XP level 1. HP: 14/14 MP: 1/1
   231 | D:1      | Reached XP level 2. HP: 19/19 MP: 2/2
   659 | D:1      | Reached XP level 3. HP: 20/23 MP: 3/3
   869 | D:1      | Found a faded altar of an unknown god.
  1279 | D:2      | Noticed Jessica
  1290 | D:2      | Killed Jessica
  1291 | D:2      | Reached XP level 4. HP: 18/29 MP: 4/4
  1484 | D:2      | Found a glowing golden altar of the Shining One.
  1992 | D:2      | Found a runed translucent door.
  1993 | D:2      | Noticed Crazy Yiuf
  2085 | D:3      | Found a glowing drain.
  2088 | D:3      | Reached XP level 5. HP: 32/33 MP: 5/5
  2110 | Sewer    | Entered a sewer
  2158 | Sewer    | Noticed Pargi
  2181 | Sewer    | Killed Pargi
  2182 | Sewer    | Reached XP level 6. HP: 30/39 MP: 6/6
  3226 | D:3      | Noticed Grinder
  3242 | D:3      | Killed Grinder
  3243 | D:3      | Reached skill level 5 in Fighting
  3243 | D:3      | Reached skill level 5 in Armour
  3243 | D:3      | Reached skill level 5 in Shields
  3243 | D:3      | Reached XP level 7. HP: 34/44 MP: 7/7
  3826 | D:2      | Killed Crazy Yiuf
  3827 | D:2      | Reached skill level 5 in Maces & Flails
  3832 | D:2      | Identified the +5 mace of the Heart {spect, rC+ rN+++ rCorr
                  | Stlth-}
  4005 | D:4      | Found a transporter.
  4018 | D:4      | Noticed aoei's ghost (amateur MiBe)
  4036 | D:4      | Found a transporter.
  4144 | D:4      | Reached XP level 8. HP: 48/50 MP: 8/8
  4446 | D:4      | You fall into a shaft and drop 3 floors!
  4458 | D:7      | Noticed a two-headed ogre
  4465 | D:7      | Killed a two-headed ogre
  4466 | D:7      | Reached skill level 1 in Throwing
  4466 | D:7      | Reached skill level 1 in Dodging
  4737 | D:7      | Reached XP level 9. HP: 55/55 MP: 9/9
  4748 | D:7      | Noticed a cyclops
  4752 | D:7      | Killed a cyclops
  5496 | D:6      | Noticed Maggie
  5502 | D:6      | Killed Maggie
  5562 | D:5      | Entered Level 5 of the Dungeon
  5591 | D:5      | Found a staircase to the Ecumenical Temple.
  5728 | D:5      | Reached XP level 10. HP: 64/64 MP: 10/10
  5820 | D:5      | Noticed Edmund
  5842 | D:5      | Killed Edmund
  5870 | D:5      | Found a runed translucent gate.
  5870 | D:5      | Found a runed translucent gate.
  5870 | D:5      | Found a runed translucent gate.
  5871 | D:5      | Noticed altcumming's ghost (novice SpIE)
  6019 | D:5      | Noticed Prince Ribbit
  6030 | D:5      | Killed Prince Ribbit
  6210 | D:5      | Reached skill level 10 in Maces & Flails
  6397 | D:5      | Killed altcumming's ghost
  6464 | D:4      | Killed aoei's ghost
  6798 | D:6      | Reached skill level 5 in Dodging
  7869 | D:8      | Noticed Pikel
  7874 | D:7      | Killed Pikel
  8131 | D:8      | Reached XP level 11. HP: 47/72 MP: 11/11
  8380 | D:8      | Noticed Gastronok
  8395 | D:8      | Killed Gastronok
  8396 | D:8      | Reached skill level 10 in Fighting
  8909 | D:8      | Found a broken altar of Ashenzari.
  9845 | D:9      | Found a staircase to the Orcish Mines.
 10412 | Temple   | Entered the Ecumenical Temple
 10710 | Temple   | Became a worshipper of the Shining One
 10843 | D:10     | Entered Level 10 of the Dungeon
 10867 | D:10     | Noticed a death yak
 10867 | D:10     | Noticed a death yak
 10883 | D:10     | Noticed a death yak
 10885 | D:10     | Killed a death yak
 10886 | D:10     | Reached skill level 1 in Invocations
 10891 | D:10     | Killed a death yak
 10906 | D:10     | Killed a death yak
 10907 | D:10     | Reached skill level 2 in Invocations
 11095 | D:10     | Found a staircase to the Lair.
 11096 | D:10     | Identified the amulet of Nayty {rF+ rC+ rN+ Regen+ Dex+2}
 11190 | D:10     | Reached * piety under the Shining One
 11373 | D:10     | Noticed Joseph
 11384 | D:10     | Killed Joseph
 11487 | D:10     | Noticed a deep elf pyromancer
 11490 | D:10     | Killed a deep elf pyromancer
 11491 | D:10     | Reached skill level 3 in Invocations
 11491 | D:10     | Reached XP level 12. HP: 80/80 MP: 14/14
 11545 | D:10     | Noticed a two-headed ogre
 11549 | D:10     | Noticed an ettin
 11558 | D:10     | Killed a two-headed ogre
 11560 | D:10     | Noticed a two-headed ogre
 11877 | D:10     | Killed an ettin
 11878 | D:10     | Reached skill level 4 in Invocations
 12085 | D:10     | Killed a two-headed ogre
 12330 | D:10     | Noticed a six-headed hydra
 12335 | D:10     | Killed a six-headed hydra
 12722 | D:11     | Reached skill level 5 in Invocations
 13469 | D:12     | Reached ** piety under the Shining One
 13523 | D:12     | Noticed a two-headed ogre
 13528 | D:12     | Killed a two-headed ogre
 13658 | D:12     | Noticed a boulder beetle
 13687 | D:12     | Killed a boulder beetle
 13995 | D:12     | Noticed a four-headed hydra
 14002 | D:12     | Killed a four-headed hydra
 14047 | D:12     | Reached skill level 6 in Invocations
 14118 | D:12     | Noticed a two-headed ogre
 14124 | D:12     | Killed a two-headed ogre
 14407 | D:13     | Noticed a vault guard
 14439 | D:13     | Noticed a two-headed ogre
 14444 | D:13     | Killed a two-headed ogre
 14445 | D:13     | Reached XP level 13. HP: 72/87 MP: 17/17
 14644 | D:13     | Noticed a vault guard
 14648 | D:13     | Noticed a vault guard
 14664 | D:13     | Killed a vault guard
 14812 | D:13     | Killed a vault guard
 15019 | D:13     | Killed a vault guard
 15713 | D:13     | Found a gate to the Vaults.
 15713 | D:13     | Noticed a vault guard
 15713 | D:13     | Noticed a vault guard
 15994 | D:13     | Reached skill level 7 in Invocations
 16388 | D:14     | Reached *** piety under the Shining One
 16417 | D:15     | Entered Level 15 of the Dungeon
 16635 | D:15     | Noticed Rupert
 17266 | D:14     | Upgraded the game from 0.28.0 to 0.28.0-1-gb440e238dd
 18029 | D:15     | Paralysed by Rupert for 5 turns
 18210 | Lair:1   | Entered Level 1 of the Lair of Beasts
 18294 | Lair:1   | Reached skill level 8 in Invocations
 18488 | Lair:1   | Found an ornate altar of the Wu Jian Council.
 18489 | Lair:1   | Found a hide-covered altar of Uskayaw.
 18588 | Lair:1   | Gained mutation: Your large and strong wings let you fly.
                  | [Gargoyle growth]
 18588 | Lair:1   | Reached XP level 14. HP: 76/94 MP: 20/20
 18743 | Lair:1   | Reached skill level 10 in Armour
 19656 | Lair:2   | Found a staircase to the Snake Pit.
 19890 | Lair:3   | Noticed Sonja
 19894 | Lair:3   | Cast into level 1 of the Abyss (Sonja)
 19914 | Lair:3   | Escaped the Abyss
 19919 | Lair:3   | Reached skill level 9 in Invocations
 19926 | Lair:3   | Killed Sonja
 20736 | Lair:4   | Reached **** piety under the Shining One
 21231 | Lair:4   | Found a staircase to the Shoals.
 21981 | Lair:5   | Found a staircase to the Slime Pits.
 22257 | Lair:5   | Reached skill level 10 in Invocations
 22272 | Lair:5   | Learned a level 2 spell: Passwall
 22368 | Lair:5   | Reached skill level 1 in Transmutations
 22368 | Lair:5   | Reached skill level 1 in Earth Magic
 22561 | Lair:6   | Entered Level 6 of the Lair of Beasts
 22859 | Lair:6   | Reached XP level 15. HP: 99/101 MP: 22/22
 22914 | Lair:6   | Found a large runed translucent door.
 22914 | Lair:6   | Found a large runed translucent door.
 23702 | Orc:1    | Entered Level 1 of the Orcish Mines
 23702 | Orc:1    | Found Jearghool's Armour Shoppe.
 23704 | Orc:1    | Found Ceuffur's Magic Scroll Shop.
 23768 | Orc:1    | Reached skill level 1 in Evocations
 23894 | Orc:1    | Noticed an orc warlord
 23921 | Orc:1    | Killed an orc warlord
 24210 | Orc:1    | Found Mapoas's Antique Armour Emporium.
 24218 | Orc:1    | Bought an ancient scale mail for 243 gold pieces
 24218 | Orc:1    | Identified the +5 scale mail "Ihiare Usie" {Dex+6 Slay+6
                  | Stlth+} (You bought it in a shop on level 1 of the Orcish
                  | Mines)
 24218 | Orc:1    | Bought a shiny helmet for 202 gold pieces
 24218 | Orc:1    | Bought a shiny buckler for 202 gold pieces
 24382 | Orc:2    | Entered Level 2 of the Orcish Mines
 24442 | Orc:2    | Reached skill level 1 in Stealth
 24459 | Orc:2    | Found Geetuorch's General Store.
 24477 | Orc:2    | Noticed an orc warlord
 24544 | Orc:2    | Reached ***** piety under the Shining One
 24572 | Orc:2    | Found Datraid's Jewellery Boutique.
 24607 | Orc:2    | Found Legehewk's Gadget Gallery.
 24687 | Orc:2    | Found Catomeont's Antique Weapon Emporium.
 24715 | Orc:2    | Found Rainizol's Antique Armour Shoppe.
 25004 | Orc:2    | Killed an orc warlord
 25170 | Orc:2    | Found a staircase to the Elven Halls.
 25395 | D:15     | Identified the amulet "Muttal" {Reflect MP+9 SH+5}
 25410 | D:15     | Identified the ring of Jompeul {rF- Str+7 Int+5 Dex+6}
 25632 | D:15     | Found Kicwudgh's General Store.
 25724 | D:15     | Found a staircase to the Depths.
 25804 | D:15     | Reached skill level 15 in Maces & Flails
 25810 | D:15     | Reached skill level 15 in Fighting
 25976 | D:15     | Reached XP level 16. HP: 107/108 MP: 24/24
 26164 | D:15     | Killed Rupert
 26587 | Snake:1  | Entered Level 1 of the Snake Pit
 26597 | Snake:1  | Noticed Donald
 26610 | Snake:1  | Killed Donald
 26611 | Snake:1  | Reached skill level 11 in Invocations
 27243 | Snake:2  | Found a frozen archway.
 27253 | IceCv    | Entered an ice cave
 27310 | IceCv    | Found a transporter.
 27327 | IceCv    | Found a transporter.
 27348 | IceCv    | Identified the +8 falchion "Syjuec" {flame, rCorr Stlth+}
 27997 | Snake:2  | Reached skill level 12 in Invocations
 28016 | Snake:2  | Identified the +3 ring mail of Autotheism {Stlth+}
 28037 | Snake:2  | Noticed a nagaraja
 28045 | Snake:2  | You are sucked into a shaft and drop 1 floor!
 28259 | Snake:3  | Found Kahukoc's Neck Hole.
 28312 | Snake:3  | Noticed a nagaraja
 28319 | Snake:3  | Killed a nagaraja
 28399 | Snake:3  | Noticed Vashnia
 28425 | Snake:4  | Entered Level 4 of the Snake Pit
 29021 | Snake:3  | Noticed Jorgrun
 29030 | Snake:3  | Killed Jorgrun
 29031 | Snake:3  | Reached XP level 17. HP: 115/115 MP: 26/26
 29132 | Snake:3  | Found a runed translucent gate.
 29135 | Snake:3  | Found a runed translucent gate.
 29135 | Snake:3  | Found a runed translucent gate.
 29138 | Snake:3  | Noticed Kaptain's ghost (adept OpEE)
 29149 | Snake:3  | Killed Kaptain's ghost
 29151 | Snake:3  | Got the Catalogue of Floating Dark Magic
 29603 | Snake:4  | Reached skill level 13 in Invocations
 29711 | Snake:4  | Noticed Aizul
 29719 | Snake:4  | Killed Aizul
 30140 | Snake:4  | Noticed Mlioglotl
 30344 | Snake:4  | Noticed a tentacled starspawn
 30346 | Snake:4  | Noticed a tentacled starspawn
 30347 | Snake:4  | Killed Mlioglotl
 30348 | Snake:4  | Reached skill level 10 in Dodging
 30597 | Snake:4  | Got a serpentine rune of Zot
 30941 | Shoals:1 | Entered Level 1 of the Shoals
 31578 | Shoals:1 | Reached XP level 18. HP: 119/124 MP: 28/28
 31917 | Shoals:2 | Reached skill level 14 in Invocations
 32023 | Shoals:2 | Noticed Ilsuiw
 32050 | Shoals:2 | Killed Ilsuiw
 32290 | Shoals:2 | Got Sif Muna's Catalogue of Confrontation and the Traveller
 32415 | Shoals:2 | Noticed Louise
 32428 | Shoals:2 | Killed Louise
 32575 | Shoals:2 | Noticed Polyphemus
 32587 | Shoals:2 | Killed Polyphemus
 33095 | Elf:1    | Entered Level 1 of the Elven Halls
 33517 | Elf:1    | Found Dogg's Antique Armour Emporium.
 33525 | Elf:1    | Bought a dazzling plate armour for 812 gold pieces
 33525 | Elf:1    | Identified the +9 plate armour "Upporone" {rElec rC+} (You
                  | bought it in a shop on level 1 of the Elven Halls)
 33527 | Elf:1    | Bought a distressingly furry plate armour for 812 gold
                  | pieces
 33527 | Elf:1    | Identified the +6 plate armour of the Miller {rPois} (You
                  | bought it in a shop on level 1 of the Elven Halls)
 33633 | Elf:1    | HP: 5/125 [deep elf zephyrmancer/bolt of lightning (4)]
 33845 | Elf:1    | Found a runed translucent gate.
 33845 | Elf:1    | Found a runed translucent gate.
 33845 | Elf:1    | Found a runed translucent gate.
 33845 | Elf:1    | Found a runed translucent gate.
 33845 | Elf:1    | Found a runed translucent gate.
 33847 | Elf:1    | Found a runed translucent gate.
 34101 | Elf:1    | Reached skill level 15 in Invocations
 34286 | Elf:2    | Paralysed by an air elemental for 1 turns
 34571 | Elf:2    | Found a runed translucent gate.
 34572 | Elf:2    | Found a runed translucent gate.
 34572 | Elf:2    | Found a runed translucent gate.
 34603 | Elf:2    | Reached XP level 19. HP: 123/130 MP: 30/30
 35458 | Elf:3    | Entered Level 3 of the Elven Halls
 35746 | Elf:3    | Reached ****** piety under the Shining One
 35835 | Elf:3    | Identified the +7 whip "Botrogix" {venom, rN+}
 35843 | Elf:3    | Found Jarran's Armour Boutique.
 36071 | Elf:3    | Cast into level 2 of the Abyss (a deep elf sorcerer)
 36162 | Abyss:2  | Found a corrupted altar of Lugonu.
 36171 | Abyss:2  | Found an opulent altar of Gozag.
 36279 | Elf:3    | Escaped the Abyss
 36852 | Elf:3    | Noticed a Tzitzimitl
 36889 | Elf:3    | Identified the amulet of Hathrik {Faith rElec rF+++ rC+}
 36890 | Elf:3    | Identified the +8 plate armour of Soniv {*Slow rPois rCorr
                  | Str+10}
 37011 | Elf:3    | Found the +3 pair of seven-league boots {Rampage+∞}
 37011 | Elf:3    | Found the +10 morningstar "Eos" {elec, Halo rElec}
 37017 | Elf:3    | Identified the +4 scale mail of Xor Leq {+Blink}
 37028 | Elf:3    | Reached skill level 16 in Invocations
 37145 | Elf:3    | Identified the +7 halberd of the Jumping Soothsayer
                  | {vorpal, rElec Will+ Dex+5}
 37151 | Elf:3    | Identified the +1 leather armour "Plog" {Int+4}
 37155 | Elf:3    | Got Kabbite's Catalogue of the Escort
 37158 | Elf:3    | Identified the +10 mace of Change {vorpal, rCorr Int+3
                  | Dex+3 SInv}
 37163 | Elf:3    | Identified the +5 eveningstar of Fortitude {vorpal, rElec}
 37165 | Elf:3    | Identified the +6 hunting sling of the Baking Sybil
                  | {vorpal, Contam rC+ Dex+3}
 37175 | Elf:3    | Identified the +1 robe of the Skies Above {*Corrode rElec
                  | Dex+2}
 37176 | Elf:3    | Identified the +0 robe of Levity {rC+ Int+3}
 37179 | Elf:3    | Identified the +3 rapier "Pyruoq" {pain, Will+ Dex+3}
 38121 | Shoals:3 | Found a runed translucent gate.
 38122 | Shoals:3 | Found a runed translucent gate.
 38123 | Shoals:3 | Found a runed translucent gate.
 38123 | Shoals:3 | Noticed Lapinsky1's ghost (journeyman MiHu)
 38433 | Shoals:2 | Killed Lapinsky1's ghost
 38539 | Shoals:3 | Reached XP level 20. HP: 126/139 MP: 32/32
 38589 | Shoals:3 | Identified the +1 hat "Xuhad" {Rampage rC+ Str+3}
 38608 | Shoals:4 | Entered Level 4 of the Shoals
 38683 | Shoals:4 | Reached skill level 5 in Earth Magic
 38729 | Shoals:4 | Reached skill level 5 in Transmutations
 38769 | Shoals:4 | Reached skill level 17 in Invocations
 38773 | Shoals:4 | Paralysed by a sphinx for 6 turns
 39234 | Shoals:3 | Reached skill level 5 in Throwing
 39672 | Shoals:4 | Got a barnacled rune of Zot
 39673 | Shoals:4 | Identified the +10 war axe "Dub Hoq" {speed, rN+ Dex+5}
 39722 | Shoals:4 | Got the Grimoire of Earth and Snow
 40405 | Vaults:1 | Entered Level 1 of the Vaults
 40599 | Vaults:1 | Paralysed by a sphinx for 2 turns
 41423 | Vaults:1 | Reached skill level 18 in Invocations
 41886 | Vaults:1 | Reached XP level 21. HP: 147/147 MP: 34/34
 42073 | Depths:1 | Entered Level 1 of the Depths
 42560 | Depths:1 | Found a gateway to Hell.
 42760 | Depths:1 | Paralysed by a great orb of eyes for 2 turns
 42803 | Depths:1 | Found a large runed translucent door.
 42803 | Depths:1 | Found a large runed translucent door.
 42808 | Depths:1 | Noticed Janeylunn's ghost (veteran GnWn)
 43263 | Depths:1 | Identified a scroll of acquirement
 43346 | Depths:1 | Acquired a manual of Shields
 43515 | Depths:1 | Killed Janeylunn's ghost
 43674 | Depths:2 | Reached skill level 19 in Invocations
 44004 | Depths:2 | Reached skill level 10 in Shields
 44127 | Depths:2 | Found a one-way gate leading to the halls of Pandemonium.
 44559 | Depths:3 | Reached XP level 22. HP: 140/155 MP: 35/35
 44925 | Depths:3 | Reached skill level 20 in Invocations
 45189 | Depths:3 | Found a one-way gateway to a ziggurat.
 45228 | Depths:3 | Noticed Xtahua
 45237 | Depths:3 | Killed Xtahua
 45344 | Depths:3 | Found a broken altar of Ashenzari.
 45354 | Depths:3 | Paralysed by a floating eye for 4 turns
 45492 | Depths:3 | Found a corrupted altar of Lugonu.
 45492 | Depths:3 | Found a one-way gate to the infinite horrors of the Abyss.
 45608 | Depths:4 | Entered Level 4 of the Depths
 45648 | Depths:4 | Found Odoemaapt's Antique Armour Emporium.
 45656 | Depths:4 | Bought a faintly humming chain mail for 237 gold pieces
 45656 | Depths:4 | Identified the +3 chain mail "Woxizob" {rCorr Dex+2} (You
                  | bought it in a shop on level 4 of the Depths)
 45879 | Depths:4 | Found Bizyep's Antique Weapon Emporium.
 45919 | Depths:4 | Found a radiant altar of Vehumet.
 45974 | Depths:4 | Identified the +1 robe of Xom's Brutal Revenge {Will+ MP+9}
 46015 | Depths:4 | Found Vadirifo's General Store.
 46023 | Depths:4 | Bought a scroll of blinking for 172 gold pieces
 46029 | Depths:4 | Found Tinkeovo's Antique Weapon Shop.
 46032 | Depths:4 | Noticed Frederick
 46041 | Depths:4 | Killed Frederick
 46083 | Depths:4 | Reached skill level 15 in Shields
 46314 | Depths:4 | Reached skill level 21 in Invocations
 46424 | Depths:4 | Noticed a golden dragon
 46447 | Depths:4 | Killed a golden dragon
 46512 | Depths:4 | Found a gate to the Realm of Zot.
 47284 | Vaults:2 | Found a staircase to the Crypt.
 47559 | Vaults:2 | Reached XP level 23. HP: 147/160 MP: 37/37
 48171 | Vaults:3 | Reached skill level 22 in Invocations
 48236 | Vaults:3 | Found a magical portal.
 48250 | WizLab   | Entered The Roulette of Golubria
 48250 | WizLab   | Found a transporter.
 48253 | WizLab   | Found a corrupted altar of Lugonu.
 48290 | WizLab   | Found a transporter.
 48339 | WizLab   | Found a corrupted altar of Lugonu.
 48360 | WizLab   | Found a transporter.
 48395 | WizLab   | Found a transporter.
 48412 | WizLab   | Found a transporter.
 48458 | WizLab   | Found a transporter.
 48480 | WizLab   | Found a transporter.
 48499 | WizLab   | Found a transporter.
 48518 | WizLab   | Found a transporter.
 48518 | WizLab   | Found a transporter.
 48525 | WizLab   | Reached skill level 1 in Translocations
 48557 | WizLab   | Found a transporter.
 48557 | WizLab   | Found a transporter.
 48590 | WizLab   | Found a transporter.
 48613 | WizLab   | Identified the -1 cloak "Itozxax" {Regen+ Int+4}
 48674 | WizLab   | Found a transporter.
 48684 | WizLab   | Found a transporter.
 48684 | WizLab   | Found a transporter.
 48741 | WizLab   | Found a transporter.
 48741 | WizLab   | Found a transporter.
 48787 | WizLab   | Found a transporter.
 48787 | WizLab   | Found a transporter.
 49045 | Vaults:3 | Learned a level 2 spell: Blink
 49049 | Vaults:3 | Learned a level 3 spell: Lesser Beckoning
 49593 | Vaults:3 | Acquired a manual of Summonings
 49941 | Vaults:4 | Reached skill level 5 in Translocations
 50256 | Vaults:4 | Found Riphupliez's Weapon Shoppe.
 50696 | Vaults:4 | Reached XP level 24. HP: 168/168 MP: 38/38
 50749 | Vaults:4 | Reached skill level 15 in Armour
 50934 | Crypt:1  | Entered Level 1 of the Crypt
 51015 | Crypt:1  | Identified a +9 eveningstar of holy wrath (a +9 vorpal
                  | eveningstar blessed by the Shining One)
 51015 | Crypt:1  | Received a gift from the Shining One
 51357 | Crypt:1  | Identified the +7 hunting sling "Fiwetruc" {speed, Int+5
                  | Stlth+}
 51613 | Crypt:2  | Reached skill level 23 in Invocations
 52174 | Crypt:3  | Entered Level 3 of the Crypt
 52227 | Crypt:3  | Noticed Jory
 52236 | Crypt:3  | Killed Jory
 52390 | Crypt:3  | Found a staircase to the Tomb.
 52610 | Crypt:3  | Found an ancient bone altar of Kikubaaqudgha.
 52633 | Crypt:3  | Reached skill level 10 in Translocations
 52673 | Crypt:3  | Found the +6 Majin-Bo {vamp, MP+6 Int+6}
 52712 | Crypt:3  | Identified the ring of Pizuk {Fly rN+}
 52712 | Crypt:3  | Identified the ring "Pahilir" {rF++ rN+ Str-2}
 52863 | Crypt:3  | Paralysed by a vampire knight for 7 turns
 53504 | Tomb:1   | Entered Level 1 of the Tomb of the Ancients
 53753 | Tomb:1   | Paralysed by a sphinx for 2 turns
 53833 | Tomb:1   | Paralysed by a sphinx for 3 turns
 53844 | Tomb:1   | Reached XP level 25. HP: 78/175 MP: 38/38
 54261 | Hell     | Entered the Vestibule of Hell
 54273 | Hell     | Noticed Geryon
 54604 | Hell     | Killed Geryon
 54605 | Hell     | Reached skill level 24 in Invocations
 54713 | Hell     | Found a gateway to the decaying netherworld of Tartarus.
 54772 | Hell     | Found a gateway to the freezing wastes of Cocytus.
 54783 | Hell     | Reached skill level 10 in Throwing
 54878 | Hell     | Found a gateway to the Iron City of Dis.
 54922 | Hell     | Found a gateway to the ashen valley of Gehenna.
 54969 | Hell     | Learned a level 1 spell: Apportation
 54975 | Hell     | Learned a level 5 spell: Manifold Assault
 55505 | Vaults:5 | Entered Level 5 of the Vaults
 55545 | Vaults:5 | Reached skill level 1 in Summonings
 55569 | Vaults:5 | Reached skill level 1 in Spellcasting
 55621 | Vaults:5 | Paralysed by a sphinx for 2 turns
 55759 | Vaults:5 | Noticed a dread lich
 55769 | Vaults:5 | Killed a dread lich
 55874 | Vaults:5 | Reached skill level 5 in Summonings
 56325 | Vaults:5 | Reached skill level 5 in Spellcasting
 56577 | Vaults:5 | Reached skill level 25 in Invocations
 56577 | Vaults:5 | Reached XP level 26. HP: 146/181 MP: 39/39
 56801 | Vaults:5 | Identified the +1 robe of the Gravedigger {Dex+7 Stlth-}
 56801 | Vaults:5 | Identified the amulet of Tauhonacu {*Corrode rN+ Regen+
                  | Int+3}
 57006 | Vaults:5 | Paralysed by a sphinx for 4 turns
 57015 | Vaults:5 | Paralysed by a sphinx for 7 turns
 57257 | Vaults:5 | Reached skill level 5 in Stealth
 57401 | Vaults:5 | Got a silver rune of Zot
 58239 | Zot:1    | Entered Level 1 of the Realm of Zot
 59806 | Zot:1    | Identified the amulet "Wysoichi" {Acrobat Str+3}
 59918 | Zot:1    | Noticed an orb of fire
 59930 | Zot:1    | Killed an orb of fire
 60966 | Zot:2    | Reached XP level 27. HP: 188/188 MP: 39/39
 61942 | Zot:3    | Paralysed by a floating eye for 2 turns
 61946 | Zot:3    | Noticed a dread lich
 61953 | Zot:3    | Noticed a dread lich
 61954 | Zot:3    | Paralysed by a dread lich for 2 turns
 61958 | Zot:3    | Killed a dread lich
 61963 | Zot:3    | Noticed a dread lich
 61967 | Zot:3    | Killed a dread lich
 61970 | Zot:3    | Noticed a dread lich
 61977 | Zot:3    | Paralysed by a dread lich for 4 turns
 61982 | Zot:3    | Killed a dread lich
 61986 | Zot:3    | Killed a dread lich
 62576 | Slime:1  | Entered Level 1 of the Pits of Slime
 62595 | Slime:1  | Reached skill level 1 in Slings
 62723 | Slime:2  | Paralysed by a great orb of eyes for 2 turns
 63133 | Slime:3  | Gained mutation: You are weak. (Str -2) [a shining eye]
 63143 | Slime:3  | Gained mutation: Potions are less effective at restoring
                  | your health. [a shining eye]
 63144 | Slime:3  | Gained mutation: You are clumsy. (Dex -2) [a shining eye]
 63774 | Slime:3  | Reached skill level 26 in Invocations
 64053 | Slime:4  | Lost mutation: Potions are less effective at restoring your
                  | health. [a shining eye]
 64106 | Slime:4  | Gained mutation: You occasionally shout uncontrollably at
                  | your foes. [a shining eye]
 64116 | Slime:3  | Gained mutation: Armour fits poorly on your strangely
                  | shaped body. [a shining eye]
 64136 | Slime:4  | Reached skill level 5 in Slings
 64499 | Slime:5  | Entered Level 5 of the Pits of Slime
 64516 | Slime:5  | Paralysed by a floating eye for 2 turns
 64544 | Slime:5  | Paralysed by a floating eye for 3 turns
 64698 | Slime:5  | Paralysed by a great orb of eyes for 7 turns
 64722 | Slime:5  | Paralysed by a great orb of eyes for 2 turns
 64848 | Slime:5  | Gained mutation: You are frail. (-10% HP) [a shining eye]
 64849 | Slime:5  | Gained mutation: You are dopey. (Int -2) [a shining eye]
 64907 | Slime:5  | Noticed the Royal Jelly
 64916 | Slime:5  | Killed the Royal Jelly
 65148 | Slime:4  | Paralysed by a great orb of eyes for 4 turns
 65320 | Slime:5  | Got Hisefifa's Grimoire of Transmutation and Confrontation
 65399 | Slime:5  | Identified the +3 scimitar "Zyal" {protect, rN+ SInv}
 65423 | Slime:5  | Identified the +8 broad axe of the Walnut {venom, rPois}
 65428 | Slime:5  | Got a slimy rune of Zot
 65436 | Slime:5  | Acquired 717 gold pieces
 65437 | Slime:5  | Identified the +1 robe of Ashenzari's Anger {Contam rPois
                  | rC- Int+4 Dex+9}
 65970 | Lair:5   | Lost mutation: Armour fits poorly on your strangely shaped
                  | body. [potion of mutation]
 65970 | Lair:5   | Lost mutation: You are weak. (Str -2) [potion of mutation]
 65970 | Lair:5   | Gained mutation: You sometimes lose the ability to read
                  | scrolls when taking damage. [potion of mutation]
 65970 | Lair:5   | Gained mutation: You have a pair of small horns on your
                  | head. [potion of mutation]
 65971 | Lair:5   | Lost mutation: You occasionally shout uncontrollably at
                  | your foes. [potion of mutation]
 65971 | Lair:5   | Lost mutation: You are frail. (-10% HP) [potion of
                  | mutation]
 65971 | Lair:5   | Lost mutation: You are clumsy. (Dex -2) [potion of
                  | mutation]
 65971 | Lair:5   | Gained mutation: Your magical capacity is low. (-10% MP)
                  | [potion of mutation]
 65971 | Lair:5   | Gained mutation: You are partially covered in iridescent
                  | scales. (AC +2) [potion of mutation]
 65972 | Lair:5   | Lost mutation: You have a pair of small horns on your head.
                  | [potion of mutation]
 65972 | Lair:5   | Lost mutation: You are partially covered in iridescent
                  | scales. (AC +2) [potion of mutation]
 65972 | Lair:5   | Gained mutation: You are strong-willed. (Will+) [potion of
                  | mutation]
 65972 | Lair:5   | Gained mutation: Your body sometimes deteriorates upon
                  | taking damage. [potion of mutation]
 65972 | Lair:5   | Gained mutation: You are weak. (Str -2) [potion of
                  | mutation]
 65973 | Lair:5   | Lost mutation: You sometimes lose the ability to read
                  | scrolls when taking damage. [potion of mutation]
 65973 | Lair:5   | Lost mutation: Your magical capacity is low. (-10% MP)
                  | [potion of mutation]
 65973 | Lair:5   | Lost mutation: You are dopey. (Int -2) [potion of mutation]
 65973 | Lair:5   | Gained mutation: Armour fits poorly on your strangely
                  | shaped body. [potion of mutation]
 65973 | Lair:5   | Gained mutation: Your movements are slightly less
                  | encumbered by armour. (ER -2) [potion of mutation]
 65974 | Lair:5   | Lost mutation: You are strong-willed. (Will+) [potion of
                  | mutation]
 65974 | Lair:5   | Lost mutation: Armour fits poorly on your strangely shaped
                  | body. [potion of mutation]
 65974 | Lair:5   | Gained mutation: Your magical capacity is low. (-10% MP)
                  | [potion of mutation]
 65974 | Lair:5   | Gained mutation: Your mind is acute. (Int +2) [potion of
                  | mutation]
 65975 | Lair:5   | Lost mutation: Your movements are slightly less encumbered
                  | by armour. (ER -2) [potion of mutation]
 65975 | Lair:5   | Lost mutation: You are weak. (Str -2) [potion of mutation]
 65975 | Lair:5   | Gained mutation: You are weak. (Str -2) [potion of
                  | mutation]
 65975 | Lair:5   | Gained mutation: Your flesh is cold resistant. (rC+)
                  | [potion of mutation]
 65975 | Lair:5   | Gained mutation: You are somewhat resistant to further
                  | mutation. [potion of mutation]
 65976 | Lair:5   | Lost mutation: Your mind is acute. (Int +2) [potion of
                  | mutation]
 65976 | Lair:5   | Lost mutation: Your flesh is cold resistant. (rC+) [potion
                  | of mutation]
 65977 | Lair:5   | Lost mutation: You are weak. (Str -2) [potion of mutation]
 65977 | Lair:5   | Lost mutation: You are somewhat resistant to further
                  | mutation. [potion of mutation]
 65977 | Lair:5   | Gained mutation: Your mind is acute. (Int +2) [potion of
                  | mutation]
 65977 | Lair:5   | Gained mutation: You tend to lose your temper in combat.
                  | [potion of mutation]
 65978 | Lair:5   | Lost mutation: Your body sometimes deteriorates upon taking
                  | damage. [potion of mutation]
 65978 | Lair:5   | Lost mutation: You tend to lose your temper in combat.
                  | [potion of mutation]
 65978 | Lair:5   | Gained mutation: Your muscles are strong. (Str +2) [potion
                  | of mutation]
 65978 | Lair:5   | Gained mutation: You passively map a small area around you.
                  | [potion of mutation]
 66273 | Geh:1    | Entered Level 1 of Gehenna
 66312 | Geh:1    | Reached skill level 27 in Invocations
 66777 | Geh:3    | You are sucked into a shaft and drop 1 floor!
 66989 | Geh:5    | Reached skill level 10 in Summonings
 67467 | Geh:7    | Entered Level 7 of Gehenna
 67818 | Geh:7    | Noticed the Serpent of Hell
 68346 | Geh:7    | Killed the Serpent of Hell
 68735 | Geh:7    | Identified the ring of Wucumat {MP+9 Int+2}
 68744 | Geh:7    | Identified the ring of Iriwnul {rPois rF+ Will- SInv}
 68960 | Geh:7    | Found the +7 sceptre of Asmodeus
 68960 | Geh:7    | Noticed Asmodeus
 68981 | Geh:7    | Killed Asmodeus
 69046 | Geh:7    | Got an obsidian rune of Zot
 69896 | Zot:4    | Found a transporter.
 69938 | Zot:4    | Noticed wilo's ghost (master MfBe)
 70030 | Zot:4    | Found a transporter.
 70265 | Zig:1    | Entered Level 1 of a ziggurat
 70266 | Zig:1    | Noticed Esisot the pandemonium lord
 70280 | Zig:1    | Killed Esisot the pandemonium lord
 70296 | Zig:2    | Entered Level 2 of a ziggurat
 70365 | Zig:3    | Entered Level 3 of a ziggurat
 70391 | Zig:4    | Entered Level 4 of a ziggurat
 70429 | Zig:4    | Identified the amulet "Koivet" {Acrobat rF+ Dex+3}
 70612 | Zig:5    | Entered Level 5 of a ziggurat
 70659 | Zig:5    | Reached skill level 15 in Summonings
 70691 | Zig:5    | Learned a level 7 spell: Summon Hydra
 70694 | Zig:6    | Entered Level 6 of a ziggurat
 70714 | Zig:6    | Gained mutation: Your spells are a little easier to cast,
                  | but a little less powerful. [a cacodemon]
 70748 | Zig:6    | Got the Reference Book on Torrid Combat Magic
 70759 | Zig:7    | Entered Level 7 of a ziggurat
 70765 | Zig:7    | Noticed an ancient lich
 70769 | Zig:7    | Killed an ancient lich
 70810 | Zig:8    | Entered Level 8 of a ziggurat
 70890 | Zig:8    | Identified the +3 ring mail of Valour {Contam Will+ Dex+3}
 70897 | Zig:9    | Entered Level 9 of a ziggurat
 71024 | Zig:9    | Got the Tome of the Vacuum
 71025 | Zig:9    | Identified the +0 plate armour of Summertime {rPois rC-
                  | SInv}
 71027 | Zig:9    | Identified the +2 hand axe "Buutreg" {drain, Int+6 Stlth-}
 71038 | Zig:10   | Entered Level 10 of a ziggurat
 71102 | Zig:10   | Identified the +2 pair of gloves of Baeh {rElec rF- rN+
                  | Slay+3}
 71182 | Zig:11   | Entered Level 11 of a ziggurat
 71191 | Zig:11   | Found the +0 pair of fencer's gloves {Riposte Dex+3}
 71265 | Zig:11   | Identified the +8 mace of Womm {vorpal, Int+4 Dex+2}
 71268 | Zig:11   | Identified the ring "Haeto" {Ice rPois SInv}
 71307 | Zig:12   | Entered Level 12 of a ziggurat
 71337 | Zig:12   | Paralysed by a vampire knight for 7 turns
 71401 | Zig:12   | Identified the amulet of Tullek {Spirit Dex+2}
 71408 | Zig:12   | Identified the +6 great mace of Upheaval {venom, rF+}
 71444 | Zig:13   | Entered Level 13 of a ziggurat
 71611 | Zig:13   | Identified the ring "Giokuggo" {Will+ SInv}
 71622 | Zig:14   | Entered Level 14 of a ziggurat
 71729 | Zig:14   | Identified the ring "Bieg" {Str+4 Int+6 SInv}
 71751 | Zig:14   | Learned a level 2 spell: Wereblood
 71753 | Zig:15   | Entered Level 15 of a ziggurat
 71818 | Zig:16   | Entered Level 16 of a ziggurat
 71836 | Zig:16   | Noticed Loecli Ybugu the pandemonium lord
 71975 | Pan      | Entered Pandemonium
 72069 | Pan      | Found an exit through the horrors of the Abyss.
 72365 | Pan      | Noticed Fuits the pandemonium lord
 72377 | Pan      | Killed Fuits the pandemonium lord
 72467 | Pan      | Got a demonic rune of Zot
 72598 | Pan      | Identified the ring "Hakhitat" {rN+ Stlth+}
 73125 | Pan      | Noticed Welics the pandemonium lord
 73132 | Pan      | Killed Welics the pandemonium lord
 73234 | Pan      | Entered the realm of Gloorx Vloq.
 73491 | Pan      | Got Heluqac's Guide on Doomed Transformation
 73869 | Pan      | Noticed Gloorx Vloq
 73878 | Pan      | Killed Gloorx Vloq
 73895 | Pan      | Got a dark rune of Zot
 74427 | Pan      | Identified the +4 leather armour "Cozarchi" {+Blink rN+}
 74493 | Pan      | Identified the amulet "Coysots" {Spirit rN+}
 74524 | Pan      | Noticed Faicy the pandemonium lord
 74539 | Pan      | Killed Faicy the pandemonium lord
 74623 | Pan      | Gained mutation: You are clumsy. (Dex -2) [a cacodemon]
 74632 | Pan      | Noticed Koucs the pandemonium lord
 74642 | Pan      | Killed Koucs the pandemonium lord
 74935 | Pan      | Reached skill level 10 in Spellcasting
 75055 | Pan      | Found a runed translucent door.
 75355 | Pan      | Gained mutation: You tend to lose your temper in combat. [a
                  | cacodemon]
 75660 | Pan      | Entered the realm of Lom Lobon.
 75918 | Pan      | Found an exit through the horrors of the Abyss.
 76508 | Pan      | Noticed Lom Lobon
 76524 | Pan      | Got a magical rune of Zot
 76587 | Pan      | Entered the realm of Mnoleg.
 76647 | Pan      | Gained mutation: You are occasionally teleported next to
                  | monsters. [a neqoxec]
 76664 | Pan      | Lost mutation: Your spells are a little easier to cast, but
                  | a little less powerful. [potion of mutation]
 76664 | Pan      | Lost mutation: You tend to lose your temper in combat.
                  | [potion of mutation]
 76664 | Pan      | Lost mutation: Your muscles are strong. (Str +2) [potion of
                  | mutation]
 76664 | Pan      | Gained mutation: You are partially covered in iridescent
                  | scales. (AC +2) [potion of mutation]
 76664 | Pan      | Lost mutation: Your mind is acute. (Int +2) [potion of
                  | mutation]
 76665 | Pan      | Lost mutation: You are occasionally teleported next to
                  | monsters. [potion of mutation]
 76665 | Pan      | Lost mutation: You passively map a small area around you.
                  | [potion of mutation]
 76665 | Pan      | Lost mutation: You are clumsy. (Dex -2) [potion of
                  | mutation]
 76769 | Pan      | Gained mutation: You sometimes lose the ability to read
                  | scrolls when taking damage. [a neqoxec]
 76773 | Pan      | Lost mutation: You are partially covered in iridescent
                  | scales. (AC +2) [potion of mutation]
 76773 | Pan      | Lost mutation: Your magical capacity is low. (-10% MP)
                  | [potion of mutation]
 76773 | Pan      | Gained mutation: You are frail. (-10% HP) [potion of
                  | mutation]
 76774 | Pan      | Lost mutation: You are frail. (-10% HP) [potion of
                  | mutation]
 76774 | Pan      | Lost mutation: You sometimes lose the ability to read
                  | scrolls when taking damage. [potion of mutation]
 76774 | Pan      | Gained mutation: You are robust. (+10% HP) [potion of
                  | mutation]
 77106 | Pan      | Gained mutation: Your spells are a little easier to cast,
                  | but a little less powerful. [a cacodemon]
 77190 | Pan      | Reached skill level 10 in Transmutations
 77247 | Pan      | Noticed Mnoleg
 77249 | Pan      | Paralysed by a floating eye for 3 turns
 77255 | Pan      | Paralysed by a floating eye for 2 turns
 77278 | Pan      | Paralysed by a floating eye for 4 turns
 77285 | Pan      | Killed Mnoleg
 77367 | Pan      | Got a glowing rune of Zot
 77393 | Pan      | Identified the +11 dagger of Mourning {drain, Str+2 Dex+3
                  | Stlth+}
 77425 | Pan      | Paralysed by a floating eye for 2 turns
 77769 | Pan      | Identified the +0 plate armour of Inquiry {rF++ Int+4}
 77897 | Pan      | Noticed Lom Lobon
 77897 | Pan      | Identified the +10 pearl dragon scales of Lissiuz Muvu {rN+
                  | Str+3}
 78052 | Pan      | Entered the realm of Cerebov.
 78587 | Pan      | Found the +6 sword of Cerebov {flame}
 78587 | Pan      | Noticed Cerebov
 78610 | Pan      | Killed Cerebov
 78721 | Pan      | Identified the +5 shortbow of Wusun {flame, Fragile Str+2
                  | Dex+9}
 78723 | Pan      | Identified the +1 scale mail of the Swamp {Will+ Int+4
                  | Slay+4}
 78755 | Pan      | Identified the +0 chain mail "Sazxyelo" {Regen+ Str+5
                  | Dex-2}
 78760 | Pan      | Identified the amulet of Ebbymoi {-Tele rC++ Regen+ Dex+6}
 78811 | Pan      | Got the Tome of Moulding and Darkness
 78814 | Pan      | Identified the +6 short sword "Reigai" {holy, SInv}
 78815 | Pan      | Identified the ring of Devotion {MP+9 Stlth+}
 78833 | Pan      | Identified the amulet "Tubbaiv" {Reflect *Slow rElec rF-
                  | Will+++ SH+5}
 78860 | Pan      | Got a fiery rune of Zot
 79425 | Pan      | Found an exit through the horrors of the Abyss.
 79435 | Pan      | Took an exit into the Abyss.
 79435 | Abyss:1  | Escaped into the Abyss
 80712 | Abyss:3  | Identified the +8 spear of Ravage {venom, rElec Stlth+}
 81131 | Abyss:3  | Paralysed by accursed screaming for 2 turns
 82143 | Abyss:3  | Gained mutation: Your spells are easier to cast, but less
                  | powerful. [a neqoxec]
 82339 | Abyss:3  | Paralysed by an air elemental for 1 turns
 82381 | Abyss:3  | Found a corrupted altar of Lugonu.
 82609 | Abyss:3  | Found a corrupted altar of Lugonu.
 83142 | Abyss:3  | Found a transporter.
 83290 | Abyss:4  | Found a shadowy altar of Dithmenos.
 83294 | Abyss:4  | Paralysed by accursed screaming for 1 turns
 83481 | Abyss:4  | Gained mutation: You sometimes lose the ability to read
                  | scrolls when taking damage. [a neqoxec]
 83482 | Abyss:4  | Gained mutation: You are dopey. (Int -2) [a neqoxec]
 83484 | Abyss:4  | Gained mutation: You tend to lose your temper in combat. [a
                  | neqoxec]
 83621 | Abyss:4  | Paralysed by accursed screaming for 1 turns
 83626 | Abyss:4  | Gained mutation: Your spells are much easier to cast, but
                  | much less powerful. [a neqoxec]
 83652 | Abyss:4  | Paralysed by accursed screaming for 2 turns
 83748 | Abyss:4  | Paralysed by accursed screaming for 2 turns
 84338 | Abyss:4  | Lost intelligence.
 84340 | Abyss:4  | Found a corrupted altar of Lugonu.
 84374 | Abyss:4  | Noticed a dread lich
 84392 | Abyss:4  | Found a corrupted altar of Lugonu.
 84448 | Abyss:4  | Paralysed by accursed screaming for 1 turns
 84451 | Abyss:4  | Paralysed by accursed screaming for 2 turns
 84480 | Depths:4 | Escaped the Abyss
 85262 | Zot:4    | Killed from afar by a white draconian stormcaller

Illustrated notes

Levels and vault maps discovered:
D:1:      dpeg_arrival_three_bigger_balls, layout_loops_ring,
          ebering_ecumenical_altar_rust, serial_forest,
          infiniplex_forest_lined_2, infiniplex_forest_clump_double,
          infiniplex_forest_straight_4, infiniplex_forest_clump_small,
          minmay_fountain_box, chequers_mini_garden, minmay_pentomino_w4
D:2:      layout_rooms, basic_altar, uniq_jessica, uniq_crazy_yiuf_cottage
D:3:      layout_loops_ring, portal_sewer_entry_b, grunt_ministairs_1,
          uniq_grinder
D:4:      layout_loops_ring, gammafunk_ghost_arena
D:5:      layout_basic, minmay_temple_entry_gardened_gates,
          gammafunk_ghost_necromancy, serial_bayou_pond_c,
          chequers_serial_rivers_room_a, minivault_14, minmay_crystal_room,
          uniq_edmund, uniq_prince_ribbit1
D:6:      minmay_razor_zed, layout_basic, uniq_maggie
D:7:      layout_basic, minmay_misc_feat_pillars
D:8:      layout_rooms, mainiacjoe_overflow_catwalk, grunt_ministairs_8,
          kennysheep_kite_vault, uniq_pikel, uniq_gastronok
D:9:      layout_grid_maze, orc_0_dummy, grunt_ministairs_2
D:10:     wad_statue_garden, layout_rooms, dpeg_lair_monsters, uniq_joseph
D:11:     layout_loops_ring
D:12:     layout_stronghold
D:13:     layout_long_grid, grunt_vaults_entry_fortified
D:14:     layout_long_grid, infiniplex_staircase_zigzag_1
D:15:     hangedman_depths_entry_try_elsewhere_first, layout_basic,
          minmay_misc_feat_room, serial_shops, shop, uniq_rupert
Temple:   regret_index_temple_sigil_plot
Lair:1:   layout_chaotic_city, nzn_masters_of_martial_movement,
          lemuel_fruit_fields
Lair:2:   layout_gridlike, guppyfry_snake_entry_garden
Lair:3:   layout_hall_layers, infiniplex_staircase_pool, grunt_megastairs_5,
          uniq_sonja
Lair:4:   layout_cave_pods, shoals_dummy_entry, grunt_megastairs_2,
          serial_bayou_shore_a
Lair:5:   layout_cave_shapes, minmay_slime_entry_jelly_boxes,
          grunt_megastairs_1, serial_bayou_shore_b
Lair:6:   cheibrodos_lair_end_hotspot, layout_cave_pods,
          grunt_forest_stairs_basic, nicolae_quartered_pool_impasse, uniq_urug
Shoals:1: layout_shoals, nicolae_shoals_pincushion_passage
Shoals:2: layout_shoals, uniq_ilsuiw, uniq_polyphemus, uniq_louise
Shoals:3: layout_shoals, gammafunk_ghost_tricky_traps
Shoals:4: shoals_end_hellmonk_lost_city
Snake:1:  layout_gridlike, uniq_donald
Snake:2:  layout_cave_shapes, portal_ice_cave_entry_pillars_four,
          serial_bayou_lagoon_a
Snake:3:  layout_chambers, ebering_ghost_rock_garden,
          nicolae_shop_sticking_my_neck_out, uniq_jorgrun, uniq_vashnia
Snake:4:  snake_hunt, layout_cave_town, st_stairs_14, drop_trap, uniq_mlioglotl,
          uniq_aizul
Slime:1:  layout_caves
Slime:2:  layout_caves
Slime:3:  layout_caves
Slime:4:  layout_caves, nicolae_slime_round_cave
Slime:5
Orc:1:    layout_caves, serial_shops, nicolae_shop_overgrown_old_shop, shop,
          shop, hangedman_minor_magic
Orc:2:    grunt_orc_gardens, layout_caves, grunt_orc_garden, grunt_orc_garden,
          grunt_orc_garden, grunt_orc_garden, nicolae_shop_gadgets
Elf:1:    eino_elf_arrival_customs, layout_rooms, serial_shops,
          nicolae_lakefront_shop, orc_legates
Elf:2:    nicolae_elf_blades_crystal_corner, layout_geoelf_diagonals
Elf:3:    minmay_elf_hall_statues, layout_loops_corners, serial_shops, shop
Vaults:1: vaults_room_grunt_arrival_ludios, nicolae_vaults_triangles,
          nicolae_vaults_circle_grid_a, ontoclasm_vaults_decontamination,
          v_alt_pattern_3, hangedman_vaults_capsules,
          hangedman_vaults_restitches, nicolae_vaults_circle_grid_b,
          hangedman_vaults_nails, vaults_dpeg_ring, ontoclasm_vaults_shuriken,
          layout_vaults_quadrants
Vaults:2: minmay_crypt_entry_simple_walls, vaults_dpeg_hooks,
          hangedman_vaults_hat, grunt_vaults_trifunnel, v_misc_26,
          ontoclasm_vaults_chip, vaults_room_boxed, layout_vaults_omnicross
Vaults:3: infiniplex_enter_wizlab_glasses, ontoclasm_vaults_ligature,
          hangedman_vaults_river_flow, v_alt_pattern_2, v_misc_2,
          vaults_mumra_chevron_long, vaults_standard_mumra_x,
          nicolae_vaults_little_squares_1, vaults_mumra_minichess,
          vaults_dpeg_encased_lava, v_misc_25, nicolae_vaults_know_your_exits,
          vaults_mumra_chevron, vaults_room_stairs_pillars, grunt_vaults_funnel,
          layout_vaults_ring
Vaults:4: hangedman_vaults_variations, grunt_vaults_diagonal,
          vaults_room_octagon, vaults_dpeg_cross, v_pattern_5,
          hangedman_vaults_cutoff, v_misc_25, dpeg_vaults_monster_row,
          hangedman_vaults_restitches, layout_vaults_omnibox, serial_shops,
          nicolae_shop_hallway_stairs
Vaults:5
Crypt:1:  layout_rooms
Crypt:2:  layout_regular_city, lemuel_elevator, grunt_megastairs_4
Crypt:3:  church_of_pain_bobbens, layout_chaotic_city,
          nicolae_tomb_entry_rubble_hallway, minmay_misc_feat_alley, uniq_jory
Tomb:1
Depths:1: layout_gridlike, grunt_decor_one_mirror, ebering_ghost_disaster_area,
          grunt_hell_entry_demonic_statue, minmay_the_grid_square_5x5_3x3_mashed
          [minmay_the_grid_square_5x5_inset,
          minmay_the_grid_square_5x5_sharp_hourglass,
          minmay_the_grid_square_5x5_fat_x, minmay_the_grid_square_5x5_c,
          minmay_the_grid_square_5x5_megaprize_hollow,
          minmay_the_grid_square_5x5_comb,
          minmay_the_grid_square_5x5_checkered_statues,
          minmay_the_grid_square_5x5_fancy_junction,
          minmay_the_grid_square_5x5_six_small]
Depths:2: kennysheep_room_grid, layout_cave_pools, rand_demon_pan_entry_5,
          hangedman_abyss_or_decor_stagger, hell_entry,
          infiniplex_staircase_spiral
Depths:3: cheibrodos_birdhouse, layout_basic, enter_ziggurat_b,
          grunt_hell_entry_dis_grunt, ashenzari_altar_1, serial_curves,
          eino_curves_01, eino_curves_03, abyss_entry_flame_altar, uniq_xtahua
Depths:4: evilmike_zot_entry_gauntlet, layout_basic,
          nicolae_vehumet_altar_sigil, serial_shops, shop, nicolae_diamond_shop,
          shop, nicolae_diamond_shop, hangedman_geh_valley, pan_entry,
          minmay_tree_intersection, lemuel_freeze_loot_1, uniq_margery,
          uniq_frederick
Hell
Geh:1:    layout_gehenna_pools_basic
Geh:2:    layout_gehenna_pools_box, nicolae_hells_seeping_fissure
Geh:3:    layout_gehenna_pools_box
Geh:4:    layout_gehenna_pools_basic
Geh:5:    layout_gehenna_pools_basic
Geh:6:    layout_gehenna_pools_basic
Geh:7:    evilmike_geh
Zot:1:    lemuel_acid_trip, layout_onion
Zot:2:    layout_gridlike
Zot:3:    hellmonk_paralyzer, layout_onion
Zot:4:    layout_misc_corridors, gammafunk_ghost_arena, hangedman_swamp_dais

Skill      XL: |  1  2  3  4  5  6  7  8  9 10 11 12 13 14 15 16 17 18 19 20 21 22 23 24 25 26 27 |
---------------+----------------------------------------------------------------------------------+-----
Fighting       | 4 5 6 8 9 11 12 13 14 15 16 17 18 19 20 21 22 23 25 | 25.3
Shields        | 4 5 7 11 16 17 18 | 18.2
Armour         | 4 5 6 8 9 10 11 12 13 14 16 17 18 | 18.4
Maces & Flails | 3 4 5 8 9 10 12 13 14 15 16 17 18 19 | 19.3
Throwing       | 1 3 4 7 8 10 11 | 11.9
Dodging        | 1 4 5 6 7 9 10 13 | 13.3
Invocations    | 3 6 8 10 12 13 15 16 18 19 21 22 23 25 27 | 27.0
Transmutations | 2 4 5 11 | 11.6
Earth Magic    | 2 4 6 8 |  8.9
Evocations     | 4 |  4.5
Stealth        | 4 7 8 |  8.1
Translocations | 6 11 | 11.1
Summonings     | 8 24 | 24.9
Spellcasting   | 5 13 | 13.2
Slings         | 7 |  7.6

Action                   |  1- 3 |  4- 6 |  7- 9 | 10-12 | 13-15 | 16-18 | 19-21 | 22-24 | 25-27 || total
-------------------------+-------+-------+-------+-------+-------+-------+-------+-------+-------++-------
Melee: Flail             |   127 |   244 |    20 |       |       |       |       |       |       ||   391
       Mace              |       |       |   131 |   520 |  1223 |    28 |       |       |       ||  1902
       Eveningstar       |       |       |       |       |       |  1062 |  1358 |  1660 |  6979 || 11059
Throw: Throwing net      |       |     1 |       |       |       |       |       |       |       ||     1
       Javelin           |       |     1 |     8 |     3 |     7 |     4 |       |       |    84 ||   107
 Cast: Passwall          |       |       |       |       |     1 |       |       |     1 |       ||     2
       Blink             |       |       |       |       |       |       |       |     1 |    21 ||    22
       Lesser Beckoning  |       |       |       |       |       |       |       |       |    12 ||    12
       Manifold Assault  |       |       |       |       |       |       |       |       |     1 ||     1
       Summon Hydra      |       |       |       |       |       |       |       |       |    19 ||    19
       Apportation       |       |       |       |       |       |       |       |       |     6 ||     6
       Wereblood         |       |       |       |       |       |       |       |       |     4 ||     4
Invok: Divine Shield     |       |       |       |       |     9 |    10 |     9 |     4 |    33 ||    65
       Cleansing Flame   |       |       |       |       |     5 |    10 |     6 |     6 |    76 ||   103
       Summon Divine War |       |       |       |       |     1 |     2 |     5 |     1 |     7 ||    16
       Brand Weapon With |       |       |       |       |       |       |       |     1 |       ||     1
Evoke: Wand              |       |       |       |     2 |     8 |    15 |    18 |     3 |    17 ||    63
       Phantom mirror    |       |       |       |       |       |     1 |       |       |     1 ||     2
  Use: Scroll            |       |     6 |     5 |    16 |     7 |    25 |    10 |     7 |    22 ||    98
       Potion            |       |     2 |     2 |     4 |       |     6 |    18 |     3 |    48 ||    83
 Stab: Distracted        |       |       |       |     1 |       |       |       |       |       ||     1
Armor: Scale mail        |    76 |   121 |    68 |   177 |   432 |   547 |   692 |   765 |   873 ||  3751
       Plate armour      |       |       |       |       |       |       |       |       |  3629 ||  3629
       Skin              |       |       |       |       |       |       |       |       |     2 ||     2
Dodge: Dodged            |    70 |   137 |    39 |   275 |   590 |   727 |   674 |   916 |  2847 ||  6275
Block: Buckler           |    25 |   118 |    50 |   227 |   405 |    12 |       |       |       ||   837
       Reflection        |       |       |       |     5 |     4 |    93 |    96 |    24 |   152 ||   374
       Kite shield       |       |       |       |       |       |   865 |  1002 |  1690 |  7047 || 10604
